 Dungeon Crawl Stone Soup version 0.29.0-13-gc9e81de378 (webtiles) character file.

Game seed: 17371532727681175801

165 blackman the Slasher (level 5, -7/42 HPs)
             Began as a Demigod Fighter on Sept 8, 2022.
             Mangled by a gnoll
             ... wielding a +0 halberd
              (8 damage)
             ... on level 3 of the Dungeon.
             The game lasted 00:06:15 (3557 turns).

blackman the Slasher (Demigod Fighter)              Turns: 3557, Time: 00:06:15

Health: -7/42      AC: 15    Str: 17    XL:     5   Next: 1%
Magic:  11/11      EV:  5    Int: 14    God:
Gold:   162        SH:  0    Dex: 13    Spells: 9/9 levels left

rFire   . . .      SeeInvis .   t - +0 lajatang
rCold   . . .      Faith    .   (shield currently unavailable)
rNeg    . . .      Spirit   .   s - +0 plate armour
rPois   .          Reflect  .   n - +0 helmet
rElec   .          Harm     .   m - +2 cloak {Will+}
rCorr   .          Rampage  .   (no gloves)
Will    +....                   (no boots)
Stlth   ..........              (no amulet)
HPRegen 0.14/turn               (no ring)
MPRegen 0.12/turn               (no ring)

@: no status effects
A: high MP 1, forlorn, divine attributes
a: no special abilities


You were on level 3 of the Dungeon.
You visited 1 branch of the dungeon, and saw 3 of its levels.

You collected 162 gold pieces.

Inventory:

Hand Weapons
 t - a +0 lajatang (weapon)
Missiles
 i - 3 poisoned darts (quivered)
Armour
 c - a +0 buckler
 m - a +2 cloak of willpower (worn)
 n - a +0 helmet (worn)
 s - a +0 plate armour (worn)
Wands
 o - a wand of iceblast (7)
 r - a wand of mindburst (10)
Scrolls
 e - 2 scrolls of enchant armour {unknown}
 f - a scroll of magic mapping {unknown}
 j - a scroll of torment {unknown}
 k - a scroll of identify {unknown}
 l - a scroll of poison {unknown}
Potions
 a - a potion of flight {unknown}
 d - 2 potions of might
 g - 2 potions of brilliance {unknown}
 h - a potion of invisibility {unknown}
 p - 2 potions of heal wounds {unknown}
 q - a potion of curing {unknown}


   Skills:
 - Level 2.6 Fighting
 - Level 3.1 Long Blades
 * Level 0.1 Staves
 - Level 2.6 Armour
 - Level 2.6 Shields
 - Level 2.5 Spellcasting
 - Level 2.0 Earth Magic


You had 9 spell levels left.
You didn't know any spells.
Your spell library contained the following spells:

 Spells                   Type           Power      Damage    Failure   Level
 Leda's Liquefaction      Hex/Erth       2%         N/A       100%        4
 Lee's Rapid Deconstruct  Erth           3%         3d6*      100%        5
 Statue Form              Tmut/Erth      2%         N/A       100%        6
 Chain Lightning          Conj/Air       0%         2d1       100%        9
 Fire Storm               Conj/Fire      0%         6d1       100%        9
 Shatter                  Erth           3%         3d7*      100%        9


Dungeon Overview and Level Annotations

Branches:
Dungeon (3/15)


Innate Abilities, Weirdness & Mutations

You have an increased reservoir of magic. (+10% MP)
You shall have no god before yourself.
Your divine heritage dramatically boosts your attributes as you level up.


Message History

You hear a shout!
You hear an angry hiss.
A gnoll comes into view. It is wielding a +0 club.
The gnoll shouts!
A kobold comes into view. It is wielding a +0 dagger.
Found a short sword.
The kobold shouts!
A ball python comes into view.
The ball python hisses angrily.
You see here a giant cockroach corpse.
The gnoll hits you with a +0 halberd.
You closely miss the gnoll. The gnoll completely misses you.
The gnoll barely misses you.
You slash the gnoll!
The gnoll is severely wounded.
The gnoll hits you with a +0 halberd. The gnoll hits you but does no damage.
The gnoll barely misses you.
You closely miss the gnoll.
The gnoll is severely wounded.
The gnoll hits you but does no damage. The gnoll hits you with a +0 flail.
The gnoll hits you but does no damage. x3
The gnoll hits you from afar with a +0 spear.
The gnoll hits you but does no damage.
You closely miss the gnoll.
The gnoll is severely wounded.
The gnoll hits you but does no damage. x2; The gnoll barely misses you.
The gnoll hits you but does no damage.
You barely miss the gnoll.
The gnoll is severely wounded.
The gnoll hits you with a +0 halberd. The gnoll hits you but does no damage.
The gnoll hits you from afar with a +0 spear.
The gnoll hits you but does no damage. The gnoll hits you with a +0 halberd.
The gnoll hits you but does no damage. The gnoll hits you with a +0 flail.
* * * LOW HITPOINT WARNING * * *
The gnoll hits you from afar with a +0 spear!
* * * LOW HITPOINT WARNING * * *
The gnoll attacks as you move away! The gnoll barely misses you.
The gnoll attacks as you move away! The gnoll hits you with a +0 club.
* * * LOW HITPOINT WARNING * * *
The gnoll hits you from afar with a +0 halberd!
You die...

#####.#...... ..
###...........
$.########......#......
.............<...#.###
...#####..#####...... ####.#
#..# ##..#.#
..#+##.⌠#..####..# ##.....
......g.#....##..# #..#...
.......K###@.##.<# ##.#.#.
.......#Sg.#†##..######....#
..._...'ggg#..#...........##
...........#..............#
.).....###.#..#####.###...#
...[... #.....#####.###...##
.#.+.#. #..##...............
....## #.###..###..####..##
.. ... #..##.........#


You could see 4 gnolls and a ball python.

Vanquished Creatures
  2 vampire bats (D:3)
  An adder (D:2)
  3 worms (D:2)
  2 orcs (D:3)
  4 ball pythons
  4 bat skeletons (D:3)
  2 bat zombies (D:3)
  13 endoplasms
  2 giant cockroaches
  4 goblins
  4 hobgoblins
  3 jackals (D:1)
  A quokka (D:1)
  2 bats
  5 frilled lizards
  4 kobolds
  4 rats
  A spectral hobgoblin (D:1)
61 creatures vanquished.

Vanquished Creatures (others)
  An orc (D:3)
1 creature vanquished.

Grand Total: 62 creatures vanquished

Notes
Turn   | Place    | Note
-------+----------+-------------------------------------------
     0 | D:1      | blackman the Demigod Fighter began the quest for the Orb.
     0 | D:1      | Reached XP level 1. HP: 18/18 MP: 3/3
    21 | D:1      | Reached skill level 2 in Long Blades
   247 | D:1      | Reached XP level 2. HP: 25/25 MP: 4/4
   544 | D:1      | Reached skill level 3 in Long Blades
  1184 | D:2      | Reached XP level 3. HP: 28/30 MP: 6/6
  1247 | D:2      | Reached skill level 1 in Spellcasting
  1287 | D:2      | HP: 1/30 [frozen (5)]
  2755 | D:3      | Reached skill level 1 in Earth Magic
  2755 | D:3      | Reached XP level 4. HP: 24/37 MP: 9/9
  3542 | D:3      | Reached XP level 5. HP: 42/42 MP: 11/11
  3557 | D:3      | HP: 1/42 [gnoll/+0 club (3)]
  3557 | D:3      | Mangled by a gnoll

Illustrated notes

Levels and vault maps discovered:
D:1:      dpeg_arrival_lava_temple_mockup, layout_rooms,
          dreamdust_ecumenical_altar_drowned_temple
D:2:      minmay_evil_eye, layout_basic
D:3:      layout_loops_ring, evilmike_ruin_ashenzari, kennysheep_vampire_church,
          mainiacjoe_overflow_catwalk_spiral

Skill      XL: |  1  2  3  4 |
---------------+-------------+-----
Long Blades    | 2 3 |  3.1
Spellcasting   | 2 |  2.5
Earth Magic    | 1 2 |  2.0
Fighting       | |  2.6
Staves         | |  0.1
Armour         | |  2.6
Shields        | |  2.6

Action                   |  1- 3 |  4- 6 || total
-------------------------+-------+-------++-------
Melee: Long sword        |   166 |    28 ||   194
       Lajatang          |       |     9 ||     9
Armor: Scale mail        |   109 |     9 ||   118
       Plate armour      |       |    20 ||    20
Dodge: Dodged            |    99 |    14 ||   113
Block: Buckler           |    40 |     6 ||    46
